 Dungeon Crawl Stone Soup version 0.20.1-1-g8b1a95d66d (webtiles) character file.

56 Jynx the Skirmisher (level 3, 0/29 HPs)
             Began as a Demonspawn Berserker on Dec 22, 2017.
             Was a Follower of Trog.
             Slain by Sigmund
             ... wielding a +2 vampiric scythe
              (10 damage)
             ... on level 2 of the Dungeon.
             The game lasted 00:01:36 (1367 turns).

Jynx the Skirmisher (Demonspawn Berserker)          Turns: 1367, Time: 00:01:37

Health: 0/29       AC:  0    Str: 18    XL:     3   Next: 71%
Magic:  3/3        EV: 20    Int:  8    God:    Trog [*.....]
Gold:   85         SH:  0    Dex: 17    Spells: 2/2 levels left

rFire    . . .     SeeInvis .   (weapon currently unavailable)
rCold    . . .     Gourm    .   (shield currently unavailable)
rNeg     . . .     Faith    .   (armour currently unavailable)
rPois    .         Spirit   .   (helmet currently unavailable)
rElec    .         Reflect  .   (cloak currently unavailable)
rCorr    .         Harm     .   (gloves currently unavailable)
MR       .....                  (boots currently unavailable)
Stlth    ++........             (no amulet)
Regen    0.1/turn               (ring currently unavailable)
MPRegen  0.1/turn               (ring currently unavailable)

@: lethally poisoned (0 -> -4), bat-form, berserk cooldown, flying, slowed,
quick
A: powered by pain 1, rot immunity
a: Berserk, Burn Spellbooks, Renounce Religion


You were on level 2 of the Dungeon.
You worshipped Trog.
Trog was aware of your devotion.
You were hungry.
You were in bat-form.
You visited 1 branch of the dungeon, and saw 2 of its levels.

You collected 85 gold pieces.

Inventory:

Hand Weapons
 a - a +0 hand axe (melded)
Armour
 b - a +0 animal skin (melded)
Jewellery
 e - an uncursed amulet of the gourmand {unknown}
 j - an uncursed amulet of faith
Scrolls
 h - a scroll of remove curse
Potions
 d - a potion of haste {unknown}
 f - a potion of cancellation {unknown}
 i - 2 potions of lignification {unknown}
 l - a potion of curing {unknown}
Comestibles
 c - 2 bread rations
 g - 2 chunks of flesh
 k - 5 fruits


   Skills:
 + Level 3.6 Fighting
 * Level 3.2 Axes
 + Level 2.1 Armour
 + Level 2.3 Dodging


You had 2 spell levels left.
You didn't know any spells.

Dungeon Overview and Level Annotations

Branches:
Dungeon (2/15)

Altars:

Annotations:
D:2 Sigmund


Innate Abilities, Weirdness & Mutations

You sometimes gain a little power by taking damage.
You are immune to rotting.


Message History

Sigmund misses you.
You hit Sigmund.
Sigmund is moderately wounded.
You barely miss Sigmund.
Sigmund is moderately wounded.
You feel sick.
Sigmund zaps a wand.
You turn into a bat.
Your +0 hand axe melds into your body.
Your +0 animal skin melds into your body.
You hit Sigmund.
Sigmund is heavily wounded.
You hit Sigmund.
Sigmund is severely wounded.
You are no longer berserk.
You are exhausted.
You feel yourself slow down. Sigmund completely misses you.
You hit Sigmund but do no damage.
Sigmund is severely wounded.
You feel sick. The goblin barely misses you.
Sigmund hits you with a vampiric scythe!
You die...

........##.###
.............#
...#........#
..#........#
##.....#######
##...........#
..............#
..............#
.......gb.....#
.......@......#
..........#####
..........#
.........#
.........#
.........#
.........#


You could see Sigmund and a goblin.

Vanquished Creatures
  2 adders (D:2)
  An ooze (D:1)
  2 leopard geckos (D:1)
  A ball python (D:1)
  2 bats
  2 giant cockroaches (D:1)
  2 hobgoblins
  3 jackals (D:2)
  8 goblins
  3 kobolds (D:1)
  3 rats (D:1)
29 creatures vanquished.

Notes
Turn   | Place    | Note
-------+----------+-------------------------------------------
     0 | D:1      | Jynx the Demonspawn Berserker began the quest for the Orb.
     0 | D:1      | Reached XP level 1. HP: 18/18 MP: 1/1
   141 | D:1      | Gained mutation: You sometimes gain a little power by taking damage. [demonic ancestry]
   141 | D:1      | Reached XP level 2. HP: 14/24 MP: 2/2
   985 | D:1      | Gained mutation: You are immune to rotting. [demonic ancestry]
   985 | D:1      | Reached XP level 3. HP: 17/29 MP: 3/3
  1352 | D:2      | Noticed Sigmund
  1367 | D:2      | Slain by Sigmund

Skill      XL: |  1  2 |
---------------+-------+-----
Axes           | 3 |  3.2
Dodging        | 2 |  2.3
Armour         | 2 |  2.1
Fighting       | |  3.6

Action                   || total
-------------------------++-------
Melee: Hand axe          ||    95
       Unarmed           ||     3
Invok: Berserk           ||     3
  Use: Scroll            ||     3
  Eat: Chunk             ||     3
Armor: Animal skin       ||    13
Dodge: Dodged            ||    59
